cohdb
Replays
Latest Replays
All Replays
Popular Replays
Top Player Replays
Match Explorer
How It Works
Community
CoH3 Stats
Reddit
Sign in to upload your games and track your stats! →
Sign in with Steam
Match 43112771
Unlisted
Match 43112771
Overview
Messages
Build Orders
End
Construct Infanterie Kompanie
Selects Terror Battlegroup
Selects Machine Gun Camouflage
MG 42 Machine Gun Team
Grenadier Squad
Grenadier Squad
Grenadier Squad
Construct Luftwaffe Kompanie
Support Elements
Wirbelwind Flakpanzer
Selects No Quarter
Luftwaffe Officer Quarters
Pioneer Squad
Marder III M Tank Destroyer
Side Skirts
Depthz
Sight RAnge
.
Mr.Wu
[82AD] PaulVmax
FloppyBob
r33dys
A Chunky Chaffinch
0
0
Comments
sign in to comment!
No comments posted yet!